 Dungeon Crawl Stone Soup version 0.31-a0-600-g62dffe198b (webtiles) character file.

Game seed: 11507214141017802054

382 CrazyBamboolord the Magician (level 7, -1/47 HPs)
             Began as a Djinni Fire Elementalist on Aug 21, 2023.
             Killed from afar by an orc wizard (8 damage)
             ... with a magic dart
             ... on level 4 of the Dungeon.
             The game lasted 00:04:09 (2761 turns).

CrazyBamboolord the Magician (DjFE)                 Turns: 2761, Time: 00:04:09

Health: -1/47      AC:  4    Str:  7    XL:     7   Next: 5%
Gold:   201        EV: 13    Int: 18    God:
                   SH:  0    Dex: 14

rFire   + + .        b - +1 dagger (venom)
rCold   x . .        (no shield)
rNeg    . . .        a - +1 robe
rPois   ∞            k - +0 helmet
rElec   .            (no cloak)
rCorr   .            (no gloves)
SInv    .            (boots unavailable)
Will    .....        (no amulet)
Stlth   ++           (no ring)
HPRegen 0.27/turn    (no ring)
MPRegen 0.00/turn

%: infuse magic (-2 HP)
@: flying, very slightly contaminated
A: sickness immunity, fire resistance 2, cold vulnerability 1, float, innate
caster, HP casting, extra vitality 1
a: no special abilities


You were on level 4 of the Dungeon.
You visited 1 branch of the dungeon, and saw 4 of its levels.

You collected 201 gold pieces.

Inventory:

Hand Weapons
 b - a +1 dagger of venom (weapon)
Armour
 a - a +1 robe (worn)
 k - a +0 helmet (worn)
Scrolls
 e - a scroll of teleportation
 f - a scroll of fog
 h - a scroll of immolation {unknown}
 j - a scroll of noise {unknown}
Potions
 g - 2 potions of degeneration {unknown}
 i - a potion of invisibility {unknown}


   Skills:
 + Level 1.0 Fighting
 + Level 3.7 Dodging
 + Level 2.5 Stealth
 * Level 5.0 Spellcasting
 * Level 5.0 Conjurations
 * Level 5.0 Hexes
 * Level 5.0 Summonings
 * Level 5.0 Necromancy
 * Level 5.0 Translocations
 * Level 5.0 Transmutations
 * Level 5.0 Fire Magic
 * Level 5.0 Ice Magic
 * Level 5.0 Air Magic
 * Level 5.0 Earth Magic
 * Level 5.0 Poison Magic


You knew the following spells:

 Your Spells              Type           Power      Damage    Failure   Level
a - Foxfire               Conj/Fire      88%        2x1d8     1%          1
b - Scorch                Fire           44%        2d6       2%          2
c - Volatile Blastmotes   Fire/Tloc      44%        2d13      4%          3
d - Inner Flame           Hex/Fire       22%        N/A       4%          3
e - Flame Wave            Conj/Fire      22%        2d8       17%         4
f - Sting                 Tmut/Pois      88%        1d7       1%          1
g - Ensorcelled Hibernat  Hex/Ice        44%        N/A       2%          2
h - Blink                 Tloc           44%        N/A       2%          2
Your spell library was empty.

Dungeon Overview and Level Annotations

Branches:
Dungeon (4/15)
 Temple: D:4-7

Altars:
Qazlal
Trog
Wu Jian


Innate Abilities, Weirdness & Mutations

You are immune to sickness and miasma.
You are immune to poison.
Your flesh is very heat resistant. (rF++)
You are vulnerable to cold. (rC-)
You float through the air rather than walking.
You learn spells naturally, not from books.
Your magical power is your life essence.
You have superior vitality. (+4 MHP)


Message History

You have reached level 7!
The power to cast Blink wells up from within.
Spell assigned to 'h'.
Unknown command.
Casting: Scorch (safe; 2% risk of failure)
Press: ? - help, Q - select action, (/) - cycle Dir - look around, f - activate Flames lash the orc.
The orc is burned terribly!
You kill the orc!
The orc wizard gestures at you while chanting.
You are confused.
Your magical contamination has completely faded away.
Things that are here:
a +0 dagger; a +0 scale mail; a +6 dagger of venom The orc wizard gestures at you while chanting.
The puff of flame hits you. You resist.
The orc wizard points at you and mumbles some strange words.
The magic dart hits you!
* * * LOW HITPOINT WARNING * * *
Things that are here:
a +0 dagger; a +0 scale mail; a +6 dagger of venom
Things that are here:
a +0 dagger; a +0 scale mail; a +6 dagger of venom You feel less confused.
Items here: )) [[ †.
Casting: Scorch (safe; 2% risk of failure)
Press: ? - help, Q - select action, (/) - cycle Dir - look around, f - activate You miscast Scorch.
You are very lightly contaminated with residual magic.
Nothing appears to happen.
* * * LOW HITPOINT WARNING * * *
Casting: Scorch (safe; 2% risk of failure)
Press: ? - help, Q - select action, (/) - cycle Dir - look around, f - activate Flames lash the orc wizard.
The orc wizard is heavily wounded.
The orc wizard's fire resistance burns away.
* * * LOW HITPOINT WARNING * * *
The orc wizard barely misses you.
The orc wizard points at you and mumbles some strange words.
The magic dart hits you!
You die...

###..............
.................
#...>............
............>....
...../...........
.......).........
........)<.......
........)###.....
.........@.......
#........o.......
#...##...........
### #...........
#...........
#.....#.....
#...........
#...........


You could see an orc wizard (combustible).

Vanquished Creatures
  A bullfrog (D:3)
  A vampire bat (D:3)
  An orc priest (D:4)
  Terence (D:3)
  Jessica (D:3)
  3 orc wizards
  5 adders
  A worm (D:3)
  A dart slug (D:1)
  8 orcs
  3 ball pythons
  4 bats
  2 bat skeletons (D:3)
  4 bat zombies (D:3)
  5 endoplasms
  4 giant cockroaches
  5 goblins
  7 hobgoblins
  2 jackals (D:1)
  3 quokkas
  3 frilled lizards
  7 kobolds
  5 rats
77 creatures vanquished.

Vanquished Creatures (others)
  109 foxfires
109 creatures vanquished.

Grand Total: 186 creatures vanquished

Notes
Turn   | Place    | Note
-------+----------+-------------------------------------------
     0 | D:1      | CrazyBamboolord the Djinni Fire Elementalist began the
                  | quest for the Orb.
     0 | D:1      | CrazyBamboolord set off with the following spells
                  | memorised: Foxfire, Scorch, Volatile Blastmotes, Inner
                  | Flame, Flame Wave.
     0 | D:1      | Reached XP level 1. HP: 15/15 MP: 0/0
    26 | D:1      | Reached XP level 2. HP: 10/21 MP: 0/0
   372 | D:1      | Reached XP level 3. HP: 21/25 MP: 0/0
   372 | D:1      | Learned a level 1 spell: Sting
  1202 | D:2      | Reached XP level 4. HP: 28/31 MP: 0/0
  1700 | D:3      | Found a faded altar of an unknown god.
  1703 | D:3      | Noticed Terence
  1704 | D:3      | Found a bloodstained altar of Trog.
  1711 | D:3      | Killed Terence
  1712 | D:3      | Reached XP level 5. HP: 20/35 MP: 0/0
  1712 | D:3      | Learned a level 2 spell: Ensorcelled Hibernation
  1845 | D:3      | Noticed Jessica
  1851 | D:3      | Killed Jessica
  2233 | D:3      | Reached XP level 6. HP: 28/41 MP: 0/0
  2337 | D:3      | Found a stormy altar of Qazlal.
  2457 | D:3      | Found an ornate altar of the Wu Jian Council.
  2752 | D:4      | Reached skill level 1 in Fighting
  2752 | D:4      | Reached skill level 5 in Spellcasting
  2752 | D:4      | Reached skill level 5 in Conjurations
  2752 | D:4      | Reached skill level 5 in Hexes
  2752 | D:4      | Reached skill level 5 in Summonings
  2752 | D:4      | Reached skill level 5 in Necromancy
  2752 | D:4      | Reached skill level 5 in Translocations
  2752 | D:4      | Reached skill level 5 in Transmutations
  2752 | D:4      | Reached skill level 5 in Fire Magic
  2752 | D:4      | Reached skill level 5 in Ice Magic
  2752 | D:4      | Reached skill level 5 in Air Magic
  2752 | D:4      | Reached skill level 5 in Earth Magic
  2752 | D:4      | Reached skill level 5 in Poison Magic
  2752 | D:4      | Reached XP level 7. HP: 21/47 MP: 0/0
  2752 | D:4      | Learned a level 2 spell: Blink
  2761 | D:4      | Killed from afar by an orc wizard

Illustrated notes

Levels and vault maps discovered:
D:1:      wander_arrival_peaceful_grave, layout_loops_ring
D:2:      minmay_angry_zag, layout_basic
D:3:      layout_rooms, bloody_trog, kennysheep_vampire_church,
          pf_just_have_faith, nicolae_wu_jian_glorious_leap,
          chequers_ecumenical_altar_simple, minivault_4, hangedman_decor_points,
          uniq_jessica, uniq_terence
D:4:      layout_basic

Skill      XL: |  1  2  3  4  5  6 |
---------------+-------------------+-----
Spellcasting   | 4 5 |  5.0
Conjurations   | 4 5 |  5.0
Hexes          | 4 5 |  5.0
Summonings     | 4 5 |  5.0
Necromancy     | 4 5 |  5.0
Translocations | 4 5 |  5.0
Transmutations | 4 5 |  5.0
Fire Magic     | 4 5 |  5.0
Ice Magic      | 4 5 |  5.0
Air Magic      | 4 5 |  5.0
Earth Magic    | 4 5 |  5.0
Poison Magic   | 4 5 |  5.0
Stealth        | 2 |  2.5
Dodging        | 3 |  3.7
Fighting       | 1 |  1.0

Action                     |  1- 3 |  4- 6 |  7- 9 || total
---------------------------+-------+-------+-------++-------
  Melee: Dagger            |     5 |    10 |       ||    15
         Punch             |       |     2 |       ||     2
   Cast: Foxfire           |    65 |    14 |       ||    79
         Scorch            |     2 |    59 |     2 ||    63
    Use: Scroll            |       |     4 |       ||     4
 Armour: Robe              |     1 |    18 |       ||    19
  Dodge: Dodged            |    17 |    47 |     1 ||    65

Table legend: (Time is in decaauts)
 A = Elapsed time spent in this place.
 B = Non-inter-level travel time spent in this place.
 C = Inter-level travel time spent in this place.
 D = Time resting spent in this place.
 E = Time spent auto-exploring this place.
 F = Levels seen in this place.
 G = Mean time per level.
                   A        B        C        D        E       F      G
               +--------+--------+--------+--------+--------+-----+--------+
         Total |   2761 |   2673 |     88 |    221 |   2052 |   4 |  690.2 |
       Dungeon |   2761 |   2673 |     88 |    221 |   2052 |   4 |  690.2 |
               +--------+--------+--------+--------+--------+-----+--------+

Top non-repeatable levels by time:
     D:3: 1031 daAuts
     D:2: 901 daAuts
     D:1: 797 daAuts
     D:4: 30 daAuts
